 Dungeon Crawl Stone Soup version 0.28-a0-239-g68911e0c57 (webtiles) character file.

Game seed: 3888245190624114536

87 quinnr the Gusty (level 4, -2/24 HPs)
             Began as a Tengu Air Elementalist on Aug 23, 2021.
             Slain by a wyvern skeleton (14 damage)
             ... on level 3 of the Dungeon.
             The game lasted 00:08:07 (2759 turns).

quinnr the Gusty (Tengu Air Elementalist)           Turns: 2759, Time: 00:08:07

Health: -2/24      AC:  4    Str:  9    XL:     4   Next: 51%
Magic:  16/18      EV: 13    Int: 16    God:
Gold:   68         SH:  0    Dex: 14    Spells: 8/9 levels left

rFire   . . .      SeeInvis .   (no weapon)
rCold   . . .      Faith    .   (no shield)
rNeg    . . .      Spirit   .   h - +2 robe {Will+}
rPois   +          Reflect  .   (helmet restricted)
rElec   .          Harm     .   (no cloak)
rCorr   .          Rampage  .   (no gloves)
Will    +....                   (boots unavailable)
Stlth   ++........              (no amulet)
HPRegen 0.08/turn               k - ring of magical power
MPRegen 0.16/turn               g - ring of poison resistance

@: no status effects
A: beak, talons 3
a: no special abilities


You were on level 3 of the Dungeon.
You visited 1 branch of the dungeon, and saw 3 of its levels.

You collected 68 gold pieces.

Inventory:

Missiles
 a - 13 poisoned darts
Armour
 h - a +2 robe of willpower (worn)
Jewellery
 g - a ring of poison resistance (right hand)
 j - a +4 ring of protection
 k - a ring of magical power (left hand)
Scrolls
 b - a scroll of teleportation {unknown}
 f - 2 scrolls of amnesia {unknown}
 i - a scroll of vulnerability {unknown}
Potions
 c - a potion of mutation
 d - a potion of curing
 e - 2 potions of berserk rage


   Skills:
 + Level 2.9 Dodging
 - Level 2.0 Stealth
 - Level 3.0 Spellcasting
 - Level 1.4 Conjurations
 + Level 5.4 Air Magic


You had 8 spell levels left.
You knew the following spells:

 Your Spells              Type           Power      Damage    Failure   Level
a - Shock                 Conj/Air       52%        1d6       4%          1

Your spell library contained the following spells:

 Spells                   Type           Power      Damage    Failure   Level
 Swiftness                Air            19%        N/A       6%          3
 Static Discharge         Conj/Air       13%        N/A       7%          2
 Airstrike                Air            9%         N/A       21%         4


Dungeon Overview and Level Annotations

Branches:
Dungeon (3/15)

Altars:

Annotations:
D:3 Robin


Innate Abilities, Weirdness & Mutations

You have a beak for a mouth.
You have claws for feet.


Message History

e - 2 bubbling inky potions
Found a scroll of identify.
l - a scroll of identify
As you read the scroll of identify, it crumbles to dust.
e - 2 potions of berserk rage A bat comes into view.
A bat is nearby!
A bat is nearby!
The zap hits the bat.
You kill the bat!
Magic restored.
A wyvern skeleton comes into view.
The zap hits the wyvern skeleton.
The wyvern skeleton is lightly damaged.
A wyvern skeleton is nearby!
The zap hits the wyvern skeleton.
The wyvern skeleton is lightly damaged.
The wyvern skeleton misses you. The wyvern skeleton closely misses you.
The wyvern skeleton barely misses you. The wyvern skeleton misses you.
The zap hits the wyvern skeleton.
The wyvern skeleton is moderately damaged.
The zap hits the wyvern skeleton.
The wyvern skeleton is heavily damaged.
The wyvern skeleton bites you!
Ouch! That really hurt!
You are too injured to fight recklessly!
Unknown command.
Casting: Shock (safe; 4% risk of failure)
Confirm with . or Enter, or press ? or * to list all spells.
Aiming: Shock (safe; 4% risk of failure)
Press: ? - help, Shift-Dir - straight line, f/p - wyvern skeleton
Aim: a wyvern skeleton (heavily damaged, 97% to hit)
The zap hits the wyvern skeleton.
The wyvern skeleton is heavily damaged.
The zap hits the wyvern skeleton.
The wyvern skeleton is heavily damaged.
The wyvern skeleton bites you!
Ouch! That really hurt!
You die...

.# #... ............# .# #..#
#.# .# #..# #.# #.# #..# #.#
..# #..###########.# .##
#..............#####.
.)######...####.............#
#..........##...Z...#########
.........#......@...#
########...##.......#
########...### #...# #####


You could see a wyvern skeleton.

Vanquished Creatures
  Jessica (D:2)
  3 dart slugs
  An orc (D:1)
  2 ball pythons
  2 endoplasms
  5 giant cockroaches
  4 hobgoblins
  3 jackals (D:1)
  3 quokkas (D:1)
  7 bats
  4 frilled lizards
  10 goblins
  3 kobolds (D:1)
  2 rats
50 creatures vanquished.

Notes
Turn   | Place    | Note
-------+----------+-------------------------------------------
     0 | D:1      | quinnr the Tengu Air Elementalist began the quest for the
                  | Orb.
     0 | D:1      | Reached XP level 1. HP: 10/10 MP: 4/4
   185 | D:1      | HP: 1/10 [constriction (1)]
   186 | D:1      | Reached XP level 2. HP: 2/15 MP: 1/6
  1088 | D:1      | Reached XP level 3. HP: 17/19 MP: 2/7
  1678 | D:2      | Reached skill level 5 in Air Magic
  1911 | D:2      | Noticed Jessica
  1924 | D:2      | Killed Jessica
  1925 | D:2      | Reached XP level 4. HP: 12/24 MP: 9/9
  2485 | D:3      | Noticed Robin
  2759 | D:3      | Slain by a wyvern skeleton

Illustrated notes

Levels and vault maps discovered:
D:1:      tarquinn_simple_flora_water_e, layout_rooms
D:2:      layout_rooms, uniq_jessica
D:3:      minmay_general_purpose_star, layout_loops_ring,
          basic_ecumenical_altar, serial_shops, shop, uniq_robin

Skill      XL: |  1  2  3 |
---------------+----------+-----
Air Magic      | 5 |  5.4
Spellcasting   | 3 |  3.0
Dodging        | |  2.9
Stealth        | |  2.0
Conjurations   | |  1.4

Action                   |  1- 3 |  4- 6 || total
-------------------------+-------+-------++-------
Melee: Unarmed           |     6 |     1 ||     7
       Peck              |     1 |       ||     1
 Cast: Shock             |    87 |    24 ||   111
  Use: Potion            |     2 |       ||     2
       Scroll            |     1 |     3 ||     4
Armor: Robe              |     4 |    12 ||    16
Dodge: Dodged            |    19 |    23 ||    42

Table legend: (Time is in decaauts)
 A = Elapsed time spent in this place.
 B = Non-inter-level travel time spent in this place.
 C = Inter-level travel time spent in this place.
 D = Time resting spent in this place.
 E = Time spent auto-exploring this place.
 F = Levels seen in this place.
 G = Mean time per level.
                   A        B        C        D        E       F      G
               +--------+--------+--------+--------+--------+-----+--------+
         Total |   2759 |   2642 |    117 |    232 |   1992 |   3 |  919.7 |
       Dungeon |   2759 |   2642 |    117 |    232 |   1992 |   3 |  919.7 |
               +--------+--------+--------+--------+--------+-----+--------+

Top non-repeatable levels by time:
     D:1: 1569 daAuts
     D:2: 1120 daAuts
     D:3: 69 daAuts
